 Dungeon Crawl Stone Soup version 0.32-a0-607-g64ea0e4219 (webtiles) character file.

Game seed: 4430055446138634662

104203 shadizar the Warrior (level 16, 0/130 HPs)
             Began as a Djinni Conjurer on Mar 3, 2024.
             Was the Champion of Makhleb.
             Shot with a bolt by a naga sharpshooter (12 damage)
             ... on level 3 of the Snake Pit.
             The game lasted 00:49:25 (26116 turns).

shadizar the Warrior (Djinni Conjurer)             Turns: 26116, Time: 00:49:26

Health: 0/130      AC:  8    Str:  6    XL:     16   Next: 91%
Gold:   1955       EV: 13    Int: 32    God:    Makhleb [******] SH: 13 Dex: 14

rFire   + + +        w - staff of earth
rCold   + . .        S - +2 kite shield {rF+}
rNeg    + . .        I - +0 steam dragon scales
rPois   ∞            N - -2 hat of the Alchemist {rElec rPois rF+ rC+ rN+ Will+ rMut rCorr}
rElec   +            a - +0 cloak
rCorr   +            y - +0 pair of gloves
SInv    .            (boots unavailable)
Will    ++...        s - amulet of the acrobat
Stlth   ++           g - +6 ring of intelligence
HPRegen 0.41/turn    k - ring of protection from cold
MPRegen 0.00/turn

%: acrobat, resist mutation, infuse magic (-1 HP)
@: flying, studying Long Blades
A: sickness immunity, fire resistance 2, cold vulnerability 1, float, innate
caster, HP casting, extra vitality 1
a: Renounce Religion, Minor Destruction, Lesser Servant of Makhleb, Major
Destruction, Greater Servant of Makhleb


You were on level 3 of the Snake Pit.
You worshipped Makhleb.
Makhleb was exalted by your worship.
You visited 5 branches of the dungeon, and saw 24 of its levels.

You collected 2710 gold pieces.
You spent 755 gold pieces at shops.

Inventory:

Armour
 a - a +0 cloak (worn)
 j - a +1 helmet
 o - a +2 buckler
 q - a +1 scale mail of cold resistance
 y - a +0 pair of gloves (worn)
 I - +0 steam dragon scales (worn)
 N - the -2 hat of the Alchemist (worn) {rElec rPois rF+ rC+ rN+ Will+ rMut rCorr}
   (You bought it in a shop on level 2 of the Orcish Mines)

   rF+:       It protects you from fire.
   rC+:       It protects you from cold.
   rElec:     It insulates you from electricity.
   rPois:     It protects you from poison.
   rN+:       It protects you from negative energy.
   Will+:     It increases your willpower.
   rCorr:     It protects you from acid and corrosion.
   rMut:      It protects you from mutation.
 S - a +2 kite shield of fire resistance (worn)
Magical Staves
 w - a staff of earth (weapon)
 L - a staff of alchemy
Jewellery
 g - a +6 ring of intelligence (left hand)
 i - a ring of ice
 k - a ring of protection from cold (right hand)
 l - a ring of see invisible
 s - an amulet of the acrobat (around neck)
 P - a +4 ring of protection
Wands
 p - a wand of warping (33)
 u - a wand of charming (18)
 z - a wand of polymorph (5)
 F - a wand of flame (47)
 T - a wand of light (6)
Scrolls
 d - 3 scrolls of enchant weapon
 e - 10 scrolls of teleportation
 m - 2 scrolls of enchant armour
 r - 3 scrolls of butterflies
 x - 2 scrolls of revelation
 B - 3 scrolls of poison
 D - 11 scrolls of identify
 M - a scroll of silence
 R - a scroll of brand weapon
Potions
 b - 2 potions of invisibility
 c - a potion of might
 f - a potion of ambrosia
 h - 11 potions of curing
 n - 3 potions of resistance
 v - 5 potions of heal wounds
 E - a potion of haste
 H - 6 potions of enlightenment
 J - a potion of berserk rage
 O - a potion of attraction
 Q - a potion of brilliance
Miscellaneous
 t - a sack of spiders


   Skills:
 + Level 17.2 Fighting
 - Level 10.2 Armour
 + Level 8.1 Dodging
 - Level 1.5 Stealth
 - Level 10.1 Shields
 - Level 16.1 Spellcasting
 - Level 16.1 Conjurations
 - Level 16.1 Hexes
 - Level 16.1 Summonings
 - Level 16.1 Necromancy
 - Level 16.1 Translocations
 - Level 16.1 Fire Magic
 - Level 16.1 Ice Magic
 - Level 16.1 Air Magic
 - Level 16.1 Earth Magic
 - Level 16.1 Alchemy


You knew the following spells:

 Your Spells              Type           Power      Damage    Failure   Level
a - Magic Dart            Conj           100%       1d8       0%          1
b - Searing Ray           Conj           100%       2d8       0%          2
c - Fulminant Prism       Conj/Alch      45%        3d21      1%          4
d - Iskenderun's Mystic   Conj/Tloc      91%        2d18      1%          4
e - Shock                 Conj/Air       100%       1d9       0%          1
f - Call Imp              Summ           100%       N/A       0%          2
g - Stone Arrow           Conj/Erth      100%       3d13      1%          3
h - Frozen Ramparts       Ice            100%       1d16      1%          3
i - Ignite Poison         Fire/Alch      91%        N/A       1%          4
j - Curse of Agony        Necr           91%        N/A       1%          5
k - Plasma Beam           Fire/Air       45%        2x1d60    1%          6
Your spell library was empty.

Dungeon Overview and Level Annotations

Branches:
Dungeon (13/15)            Temple (1/1) D:7            Lair (5/5) D:9
  Swamp (0/4) Lair:2        Snake (3/4) Lair:3        Slime (0/5) Lair:4
    Orc (2/2) D:12            Elf (0/3) Orc:2
 Vaults: D:13-14

Altars:
Ashenzari
Cheibriados
Dithmenos
Elyvilon
Fedhas
Gozag
Hepliaklqana
Makhleb
Nemelex Xobeh
Okawaru
Qazlal
Ru
Trog
Wu Jian
Xom
Yredelemnul
Zin
The Shining One
Beogh

Shops:
Orc:1 (   Orc:2 ([*?   Snake:2 *(

Annotations:
D:4 3 runed translucent doors, Domino's ghost, amateur MDFi
D:5 2 transporters, Hans's ghost, novice DjWr
Temple 2 transporters


Innate Abilities, Weirdness & Mutations

You are immune to sickness and miasma.
You are immune to poison.
Your flesh is very heat resistant. (rF++)
You are vulnerable to cold. (rC-)
You float through the air rather than walking.
You learn spells naturally, not from books.
Your magical power is your life essence.
You have superior vitality. (+4 MHP)


Message History

The mystic blast hits the naga warrior!!
The naga warrior is almost dead.
The naga warrior is knocked back by the mystic blast.
The naga sharpshooter shoots a bolt.
You block the bolt.
Unknown command.
Unknown command.
Unknown command.
Unknown command.
Unknown command.
Unknown command.
Unknown command.
Unknown command.
Unknown command.
Unknown command.
Casting: Iskenderun's Mystic Blast (safe; 1% risk of failure)
Confirm with . or Enter, or press ? or * to list all spells.
You erupt in a blast of force!
The mystic blast hits the naga warrior!
The naga warrior is lightly wounded.
The naga warrior is knocked back by the mystic blast.
The naga warrior collides with the black mamba!
The black mamba is lightly wounded.
The naga warrior is moderately wounded.
The naga sharpshooter shoots a bolt.
The bolt hits you!!
* * * LOW HITPOINT WARNING * * *
The naga warrior spits poison at you.
The splash of poison hits you but does no damage.
You resist.
Unknown command.
Unknown command.
Unknown command.
Unknown command.
Unknown command.
Unknown command.
Unknown command.
Unknown command.
Unknown command.
The black mamba bites you!
* * * LOW HITPOINT WARNING * * *
The naga sharpshooter shoots a bolt.
The bolt hits you!
You die...

# # #.
##### .#
.##...##.
...N...
#.....#
##[⌠.⌠)##
#.......#
#..)@..N#
#...S...#
##)N.⌠.##
#....N#
N......
.##...##.
#. #####
.# # #


You could see a nagaraja, 2 naga warriors, a naga sharpshooter (strong), a black
mamba and a naga (strong).

Vanquished Creatures
  Gastronok (Lair:2)
  Frances (D:13)
  2 orc warlords (Orc:2)
  An ettin (Orc:2)
  Josephine (D:10)
  Fannar (D:10)
  A fire dragon (D:13)
  An ice dragon (D:10)
  Erolcha (D:11)
  4 hydras
  2 boulder beetles
  12 anacondas
  7 two-headed ogres
  6 death yaks (Lair:4)
  6 naga sharpshooters
  An orc high priest (Orc:2)
  3 naga warriors
  2 shock serpents (Snake:2)
  A skyshark (Lair:4)
  5 skeletal warriors (D:12)
  Lodul (D:11)
  2 spriggan druids (Lair:2)
  6 mana vipers
  An arcanist (D:13)
  Pikel (D:6)
  2 naga ritualists
  A deep elf pyromancer (D:13)
  2 ugly things (D:13)
  6 orc knights (Orc:2)
  A necromancer (Lair:3)
  3 cyclopes
  A salamander (Snake:1)
  3 orc sorcerers (Orc:2)
  2 kobold blastminers (Orc:1)
  21 black mambas
  2 guardian serpents
  10 elephants
  Maggie (D:10)
  9 naga magi
  14 cane toads
  3 unseen horrors
  3 rime drakes
  Jeremiah (Lair:1)
  4 komodo dragons
  5 trolls
  8 polar bears
  6 hornets
  7 saltlings (Orc:2)
  7 blink frogs
  19 dream sheep
  5 slime creatures (D:13)
  Sigmund (D:5)
  2 wyverns
  12 spriggans (Lair:5)
  3 shadows
  25 yaks
  9 wraiths
  4 basilisks
  5 vampire mosquitoes (D:13)
  A warg (Orc:1)
  20 nagas
  2 acid dragons
  13 water moccasins
  22 orc warriors
  7 ice beasts
  4 black bears
  22 wolves
  12 ogres
  4 boggarts (Lair:5)
  15 centaurs
  A phantom (D:6)
  3 lemures (D:6)
  9 bullfrogs
  2 kobold brigands
  A scorpion (D:6)
  10 wights
  2 howler monkeys (D:9)
  4 electric eels
  A bombardier beetle (D:4)
  4 hounds
  6 jellies
  16 orc priests
  4 gnoll boudas
  4 iguanas
  A sleepcap (D:7)
  Terence (D:3)
  14 orc wizards
  3 polar bear simulacra (Lair:3)
  A yak simulacrum (Lair:3)
  3 wolf simulacra (Lair:3)
  7 adders
  21 gnolls
  A river rat (Lair:3)
  A shadow imp (D:5)
  A white imp (D:7)
  A ribbon worm (D:3)
  A dart slug (D:1)
  61 orcs
  6 endoplasms
  5 giant cockroaches
  11 goblins
  8 hobgoblins
  4 jackals (D:2)
  6 quokkas
  8 ball pythons
  4 bats
  2 frilled lizards
  26 kobolds
  5 rats
  4 river rat simulacra (Lair:3)
672 creatures vanquished.

Vanquished Creatures (others)
  29 fulminant prisms
29 creatures vanquished.

Grand Total: 701 creatures vanquished

Notes
Turn   | Place    | Note
-------+----------+-------------------------------------------
     0 | D:1      | shadizar the Djinni Conjurer began the quest for the Orb.
     0 | D:1      | shadizar set off with the following spells memorised: Magic
                  | Dart, Searing Ray, Fulminant Prism, Iskenderun's Mystic
                  | Blast.
     0 | D:1      | Reached XP level 1. HP: 15/15 MP: 0/0
    77 | D:1      | Reached XP level 2. HP: 20/22 MP: 0/0
   119 | D:1      | Reached skill level 1 in Fighting
   131 | D:1      | Reached XP level 3. HP: 19/27 MP: 0/0
   131 | D:1      | Learned a level 1 spell: Shock
   217 | D:1      | Found a faded altar of an unknown god.
   873 | D:2      | Reached skill level 2 in Fighting
   941 | D:2      | Reached XP level 4. HP: 32/33 MP: 0/0
  1664 | D:3      | Reached skill level 3 in Fighting
  1664 | D:3      | Reached XP level 5. HP: 35/40 MP: 0/0
  1664 | D:3      | Learned a level 2 spell: Call Imp
  1929 | D:3      | Noticed Terence
  1937 | D:3      | Killed Terence
  2441 | D:4      | Found a runed translucent gate.
  2441 | D:4      | Found a runed translucent gate.
  2441 | D:4      | Found a runed translucent gate.
  2443 | D:4      | Noticed Domino's ghost (amateur MDFi)
  2533 | D:4      | Reached XP level 6. HP: 43/47 MP: 0/0
  2539 | D:4      | Reached skill level 4 in Fighting
  3088 | D:4      | Reached skill level 5 in Spellcasting
  3088 | D:4      | Reached skill level 5 in Conjurations
  3088 | D:4      | Reached skill level 5 in Hexes
  3088 | D:4      | Reached skill level 5 in Summonings
  3088 | D:4      | Reached skill level 5 in Necromancy
  3088 | D:4      | Reached skill level 5 in Translocations
  3088 | D:4      | Reached skill level 5 in Fire Magic
  3088 | D:4      | Reached skill level 5 in Ice Magic
  3088 | D:4      | Reached skill level 5 in Air Magic
  3088 | D:4      | Reached skill level 5 in Earth Magic
  3088 | D:4      | Reached skill level 5 in Alchemy
  3415 | D:5      | Entered Level 5 of the Dungeon
  3443 | D:5      | Reached XP level 7. HP: 42/53 MP: 0/0
  3443 | D:5      | Learned a level 3 spell: Stone Arrow
  3613 | D:5      | Noticed Sigmund
  3718 | D:5      | Reached skill level 5 in Fighting
  3938 | D:5      | Found a burning altar of Makhleb.
  3944 | D:5      | Became a worshipper of Makhleb the Destroyer
  3983 | D:5      | Reached XP level 8. HP: 57/60 MP: 0/0
  3995 | D:5      | Found a sparkling altar of Nemelex Xobeh.
  4083 | D:5      | Found a transporter.
  4373 | D:5      | Killed Sigmund
  4374 | D:5      | Reached skill level 6 in Fighting
  4374 | D:5      | Reached skill level 5 in Dodging
  4552 | D:5      | Noticed Hans's ghost (novice DjWr)
  4567 | D:5      | Found a transporter.
  4923 | D:6      | Noticed Pikel
  4933 | D:6      | Killed Pikel
  4934 | D:6      | Reached skill level 7 in Fighting
  4934 | D:6      | Reached XP level 9. HP: 25/68 MP: 0/0
  4934 | D:6      | Learned a level 3 spell: Frozen Ramparts
  5519 | D:6      | Found a broken altar of Ashenzari.
  5851 | D:6      | Reached * piety under Makhleb
  6313 | D:7      | Reached XP level 10. HP: 38/76 MP: 0/0
  6315 | D:7      | Reached skill level 8 in Fighting
  6504 | D:7      | Found a staircase to the Ecumenical Temple.
  7058 | Temple   | Found a transporter.
  7058 | Temple   | Found a transporter.
  7058 | Temple   | Found a transporter.
  7058 | Temple   | Found a transporter.
  7058 | Temple   | Entered the Ecumenical Temple
  7165 | D:7      | Identified a scroll of acquirement
  7165 | D:7      | Acquired a +6 ring of intelligence
  7371 | D:8      | Found a snail-covered altar of Cheibriados.
  7396 | D:8      | Reached ** piety under Makhleb
  7516 | D:8      | Reached skill level 5 in Armour
  7783 | D:8      | You are sucked into a shaft and drop 2 floors!
  7783 | D:10     | Entered Level 10 of the Dungeon
  7790 | D:10     | Reached XP level 11. HP: 70/82 MP: 0/0
  7790 | D:10     | Learned a level 4 spell: Ignite Poison
  8399 | D:9      | Found a staircase to the Lair.
  9055 | D:9      | Noticed a two-headed ogre
  9060 | D:9      | Killed a two-headed ogre
  9494 | D:9      | Noticed a two-headed ogre
  9500 | D:9      | Killed a two-headed ogre
  9822 | D:9      | Identified the +0 robe "Ifekeir" {Will+ Dex+2}
 10097 | D:10     | Noticed a two-headed ogre
 10101 | D:10     | Killed a two-headed ogre
 10212 | D:10     | Noticed Josephine
 10217 | D:10     | Killed Josephine
 10228 | D:10     | Reached skill level 10 in Spellcasting
 10228 | D:10     | Reached skill level 10 in Conjurations
 10228 | D:10     | Reached skill level 10 in Hexes
 10228 | D:10     | Reached skill level 10 in Summonings
 10228 | D:10     | Reached skill level 10 in Necromancy
 10228 | D:10     | Reached skill level 10 in Translocations
 10228 | D:10     | Reached skill level 10 in Fire Magic
 10228 | D:10     | Reached skill level 10 in Ice Magic
 10228 | D:10     | Reached skill level 10 in Air Magic
 10228 | D:10     | Reached skill level 10 in Earth Magic
 10228 | D:10     | Reached skill level 10 in Alchemy
 10228 | D:10     | Reached XP level 12. HP: 32/88 MP: 0/0
 10410 | D:10     | Noticed Maggie
 10414 | D:10     | Killed Maggie
 10449 | D:10     | Acquired a manual of Fighting
 10800 | D:10     | Noticed Fannar
 10813 | D:10     | Killed Fannar
 10814 | D:10     | Reached skill level 9 in Fighting
 11194 | D:10     | Noticed an ice dragon
 11204 | D:10     | Killed an ice dragon
 11596 | Lair:1   | Entered Level 1 of the Lair of Beasts
 11626 | Lair:1   | Noticed Jeremiah
 11643 | Lair:1   | Killed Jeremiah
 11644 | Lair:1   | Reached skill level 10 in Fighting
 11769 | Lair:1   | Reached skill level 1 in Shields
 11773 | Lair:1   | Reached *** piety under Makhleb
 13565 | Lair:2   | You are sucked into a shaft and drop 1 floor!
 13567 | Lair:3   | Reached skill level 11 in Fighting
 13569 | Lair:3   | Reached XP level 13. HP: 99/99 MP: 0/0
 13569 | Lair:3   | Learned a level 5 spell: Curse of Agony
 13580 | Lair:3   | Reached skill level 12 in Fighting
 13744 | Lair:3   | Reached **** piety under Makhleb
 13800 | Lair:3   | Reached skill level 13 in Fighting
 14293 | Lair:2   | Noticed Gastronok
 14303 | Lair:2   | Killed Gastronok
 14304 | Lair:2   | Reached skill level 14 in Fighting
 14370 | Lair:2   | Found a staircase to the Swamp.
 14499 | Lair:3   | Found a staircase to the Snake Pit.
 14643 | Lair:3   | Noticed a four-headed hydra
 14648 | Lair:3   | Killed a four-headed hydra
 15250 | Lair:4   | Reached skill level 15 in Fighting
 15555 | Lair:4   | Reached XP level 14. HP: 85/114 MP: 0/0
 15665 | Lair:4   | Reached ***** piety under Makhleb
 15730 | Lair:4   | Found a staircase to the Slime Pits.
 16016 | Lair:4   | Reached skill level 16 in Fighting
 16156 | Lair:5   | Entered Level 5 of the Lair of Beasts
 17201 | Lair:5   | Reached skill level 17 in Fighting
 18666 | D:11     | Noticed Lodul
 18677 | D:11     | Reached XP level 15. HP: 116/124 MP: 0/0
 18677 | D:11     | Learned a level 6 spell: Plasma Beam
 18677 | D:11     | Killed Lodul
 18691 | D:11     | Noticed Erolcha
 18693 | D:11     | Reached skill level 5 in Shields
 18697 | D:11     | Killed Erolcha
 19655 | D:12     | Reached skill level 10 in Armour
 19829 | D:12     | Reached ****** piety under Makhleb
 20058 | D:12     | Found a staircase to the Orcish Mines.
 20068 | D:12     | Found a roughly hewn altar of Beogh.
 20198 | Orc:1    | Entered Level 1 of the Orcish Mines
 20269 | Orc:1    | Found Simiamm's Weapon Shoppe.
 20484 | Orc:2    | Entered Level 2 of the Orcish Mines
 20604 | Orc:2    | Found a staircase to the Elven Halls.
 20997 | Orc:2    | Noticed an orc warlord
 21018 | Orc:2    | Found Bueff's Magic Scroll Shop.
 21021 | Orc:2    | Killed an orc warlord
 21101 | Orc:2    | Found Hotuxim's Armour Boutique.
 21218 | Orc:2    | Noticed an orc warlord
 21231 | Orc:2    | Killed an orc warlord
 21389 | Orc:2    | Bought the -2 hat of the Alchemist {rElec rPois rF+ rC+ rN+
                  | Will+ rMut rCorr} for 755 gold pieces
 21389 | Orc:2    | Found the -2 hat of the Alchemist {rElec rPois rF+ rC+ rN+
                  | Will+ rMut rCorr}
 21415 | Orc:2    | Found a roughly hewn altar of Beogh.
 21417 | Orc:2    | Found Ejaos's Assorted Antiques.
 21443 | Orc:2    | Found Iwacrid's Antique Weapon Shoppe.
 21765 | Orc:2    | Reached skill level 15 in Spellcasting
 21765 | Orc:2    | Reached skill level 15 in Conjurations
 21765 | Orc:2    | Reached skill level 15 in Hexes
 21765 | Orc:2    | Reached skill level 15 in Summonings
 21765 | Orc:2    | Reached skill level 15 in Necromancy
 21765 | Orc:2    | Reached skill level 15 in Translocations
 21765 | Orc:2    | Reached skill level 15 in Fire Magic
 21765 | Orc:2    | Reached skill level 15 in Ice Magic
 21765 | Orc:2    | Reached skill level 15 in Air Magic
 21765 | Orc:2    | Reached skill level 15 in Earth Magic
 21765 | Orc:2    | Reached skill level 15 in Alchemy
 23092 | D:13     | Noticed Frances
 23098 | D:13     | Killed Frances
 23099 | D:13     | Reached XP level 16. HP: 112/130 MP: 0/0
 23612 | Snake:1  | Entered Level 1 of the Snake Pit
 24430 | Snake:1  | Found a glowing silver altar of Zin.
 24572 | Snake:1  | Identified the +6 battleaxe of the Living Dead {heavy, rF+
                  | Int+5}
 25353 | Snake:2  | Found Boom's General Store.
 25595 | Snake:2  | Reached skill level 10 in Shields
 25763 | Snake:2  | Identified the +9 halberd "Qilompuc" {spect, rPois Str+2
                  | Int+3}
 25986 | Snake:2  | Found Weweman's Antique Weapon Boutique.
 26112 | Snake:3  | Noticed a nagaraja
 26116 | Snake:3  | Shot with a bolt by a naga sharpshooter

Illustrated notes

Levels and vault maps discovered:
D:1:      roderic_chinese_lattice_arrival, layout_loops_ring,
          ebering_ecumenical_altar_box
D:2:      layout_basic, guppyfry_early_orc_mine
D:3:      layout_loops_ring, uniq_terence
D:4:      cheibrodos_old_hovel, layout_gridville, ebering_ghost_rock_garden
D:5:      layout_loops_corners, mainiacjoe_overflow_catch_the_wave,
          gammafunk_ghost_stat_death, corexii_leaking_fountain, st_stairs_3,
          uniq_sigmund
D:6:      layout_basic, ashenzari_altar_1, minmay_manual_mares, uniq_pikel
D:7:      layout_cave_pools, minmay_temple_entry_proselytizer
D:8:      layout_rooms, cheibriados_altar_1, nicolae_overflow_hidden_temple
D:9:      layout_layer_cave, hellmonk_lair_entry_icy
D:10:     dragon1_lemuel, layout_loops_corners, uniq_maggie, uniq_fannar,
          uniq_josephine
D:11:     layout_layer_cave, uniq_erolcha, uniq_lodul
D:12:     layout_rooms, minmay_orc_entry_temple_small
D:13:     layout_roguey, lightli_fourway_metalbox, uniq_snorg, uniq_frances
Temple:   hellmonk_temple_divided_pantheon
Lair:1:   layout_loops_ring, minmay_hedge_maze, uniq_jeremiah
Lair:2:   layout_regular_city, mainiacjoe_swamp_entry_angry_trees,
          chequers_serial_rivers_small_3, grunt_megastairs_4, uniq_gastronok
Lair:3:   layout_loops_ring, nicolae_snake_entry_squirm, eino_house_with_fridge,
          serial_bayou_shore_b
Lair:4:   layout_long_grid, slime_entry_2, chequers_serial_rivers_small_b,
          nicolae_lair_grazing_beasts [nicolae_sub_lair_graze_edge,
          nicolae_sub_lair_graze_edge, nicolae_sub_lair_graze_edge,
          nicolae_sub_lair_graze_edge]
Lair:5:   minmay_lair_end_enchanted_forest, layout_cave_pods,
          grunt_megastairs_3, infiniplex_staircase_pool
Snake:1:  layout_onion_interference, basic_altar
Snake:2:  layout_cave_shapes, serial_shops, nicolae_shop_hallway_plus,
          nicolae_shop_advertising_works [nicolae_subvault_shop_adworks],
          nicolae_snake_gridmaze_zigzag
Snake:3:  layout_onion_interference, serial_shops, shop_fountains,
          grunt_megastairs_2, uniq_aizul
Orc:1:    layout_caves, serial_shops, nicolae_shop_bloodbath_and_beyond
Orc:2:    hellmonk_orc_salted, layout_caves

Skill      XL: |  1  2  3  4  5  6  7  8  9 10 11 12 13 14 15 16 |
---------------+-------------------------------------------------+-----
Fighting       | 1 2 3 4 5 7 8 11 15 17 | 17.2
Spellcasting   | 4 5 6 7 8 10 11 12 13 15 16 | 16.1
Conjurations   | 4 5 6 7 8 10 11 12 13 15 16 | 16.1
Hexes          | 4 5 6 7 8 10 11 12 13 15 16 | 16.1
Summonings     | 4 5 6 7 8 10 11 12 13 15 16 | 16.1
Necromancy     | 4 5 6 7 8 10 11 12 13 15 16 | 16.1
Translocations | 4 5 6 7 8 10 11 12 13 15 16 | 16.1
Fire Magic     | 4 5 6 7 8 10 11 12 13 15 16 | 16.1
Ice Magic      | 4 5 6 7 8 10 11 12 13 15 16 | 16.1
Air Magic      | 4 5 6 7 8 10 11 12 13 15 16 | 16.1
Earth Magic    | 4 5 6 7 8 10 11 12 13 15 16 | 16.1
Alchemy        | 4 5 6 7 8 10 11 12 13 15 16 | 16.1
Dodging        | 4 6 7 8 |  8.1
Armour         | 5 8 9 10 | 10.2
Shields        | 4 5 10 | 10.1
Stealth        | |  1.5

Action                     |  1- 3 |  4- 6 |  7- 9 | 10-12 | 13-15 | 16-18 || total
---------------------------+-------+-------+-------+-------+-------+-------++-------
  Melee: Dagger            |       |       |       |     2 |     2 |       ||     4
         Staff             |       |       |       |       |     3 |       ||     3
   Cast: Magic Dart        |    55 |   146 |    72 |    50 |    17 |       ||   340
         Searing Ray       |       |     5 |     3 |       |       |       ||     8
         Call Imp          |       |     1 |     1 |       |       |       ||     2
         Shock             |       |     6 |     1 |       |       |       ||     7
         Iskenderun's Myst |       |     1 |     4 |   148 |   343 |    68 ||   564
         Stone Arrow       |       |       |    52 |    74 |   184 |     1 ||   311
         Fulminant Prism   |       |       |     7 |    14 |     8 |       ||    29
         Curse of Agony    |       |       |       |       |     2 |       ||     2
         Plasma Beam       |       |       |       |       |    34 |    71 ||   105
    Use: Scroll            |       |       |       |    23 |     4 |     3 ||    30
         Potion            |       |       |       |       |     1 |     1 ||     2
 Armour: Robe              |     1 |    18 |    25 |     2 |       |       ||    46
         Ring mail         |       |       |       |    30 |    39 |       ||    69
         Scale mail        |       |       |       |       |    38 |    35 ||    73
         Steam dragon scal |       |       |       |       |       |    10 ||    10
  Dodge: Dodged            |       |    19 |    27 |    44 |    67 |    11 ||   168
  Block: Buckler           |       |       |       |     2 |    34 |    10 ||    46
         Kite shield       |       |       |       |       |       |     4 ||     4

Table legend: (Time is in decaauts)
 A = Elapsed time spent in this place.
 B = Non-inter-level travel time spent in this place.
 C = Inter-level travel time spent in this place.
 D = Time resting spent in this place.
 E = Time spent auto-exploring this place.
 F = Levels seen in this place.
 G = Mean time per level.
                   A        B        C        D        E       F      G
               +--------+--------+--------+--------+--------+-----+--------+
         Total |  26123 |  24966 |   1157 |      0 |  21333 |  24 | 1088.5 |
       Dungeon |  14614 |  13885 |    729 |      0 |  12045 |  13 | 1124.2 |
        Temple |      1 |      1 |      0 |      0 |      0 |   1 |    1.0 |
          Lair |   6617 |   6302 |    315 |      0 |   5353 |   5 | 1323.4 |
     Snake Pit |   2504 |   2459 |     45 |      0 |   2142 |   3 |  834.7 |
  Orcish Mines |   2386 |   2319 |     67 |      0 |   1793 |   2 | 1193.0 |
               +--------+--------+--------+--------+--------+-----+--------+

Top non-repeatable levels by time:
    D:10: 2118 daAuts
   Orc:2: 1755 daAuts
     D:6: 1710 daAuts
  Lair:5: 1660 daAuts
     D:9: 1654 daAuts
 Snake:1: 1567 daAuts
    D:11: 1390 daAuts
  Lair:2: 1333 daAuts
  Lair:4: 1294 daAuts
     D:5: 1265 daAuts
  Lair:1: 1197 daAuts
  Lair:3: 1131 daAuts
     D:4: 1036 daAuts
 Snake:2: 926 daAuts
     D:3: 893 daAuts
